[Event "fics rated crazyhouse match"]
[Site "fics, Oklahoma City, OK USA"]
[Date "2000.12.05"]
[White "Bugzilla"]
[WhiteElo "2260"]
[Black "tantheman"]
[BlackElo "2274"]
[TimeControl "60+0"]
[Result "1-0"]

1. e4 e6 2. Nc3 b6 3. d4 Bb7 4. Nf3 Nf6 5. Bd3 d5 6. exd5 
Nxd5 7. Nxd5 exd5 8. Ne5 P@e4 9. Bb5+ N@d7 10. P@e6 fxe6 11. N@f7 Qf6 
12. Nxh8 Bb4+ 13. Kf1 P@c6 14. R@f7 Qh4 15. Be2 Nxe5 16. dxe5 N@g6 17. Nxg6 
hxg6 18. Rxc7 Nd7 19. Rxb7 Nxe5 20. N@c7+ Kf8 21. Nxa8 P@f3 22. Bxf3 exf3 
23. Qxf3+ Nxf3 24. R@f7+ Kg8 25. Rxg7+ Kh8 26. Rh7+ Kg8 27. Rbg7+ Kf8 28. N@d7+ 
Ke8 29. Rg8+ B@f8 30. Nc7+ Kd8 31. Nxe6+ Kc8 32. Nxb6+ Kb8 33. P@c7+ Kb7 
34. c8=Q# 
{tantheman forfeits on time} 1-0

[Event "fics rated crazyhouse match"]
[Site "fics, Oklahoma City, OK USA"]
[Date "2000.12.05"]
[White "SuperGrover"]
[WhiteElo "2226"]
[Black "fermy"]
[BlackElo "2292"]
[TimeControl "60+0"]
[Result "1-0"]

1. Nf3 Nc6 2. g3 h5 3. h3 e5 4. d3 d5 5. Nc3 Bc5 6. e3 
h4 7. Nxh4 Rxh4 8. gxh4 Qxh4 9. P@g3 Qd8 10. Bg2 P@h7 11. R@h8 N@f6 
12. Nxd5 Nxd5 13. Rxg8+ N@f8 14. Bd2 Nf6 15. Rxg7 Bd7 16. P@g5 Nh5 17. Qxh5 
Qe7 18. Rg8 O-O-O 19. P@g7 Ne6 20. Rxd8+ Nexd8 21. R@a8+ Nb8 22. N@d5 Qe6 
23. N@f8 Qc6 24. Ne7+ Bxe7 25. Bxc6 Bxc6 26. f3 B@b6 27. Rxb8+ Kxb8 28. N@e4 
Bxe4 29. fxe4 N@g2+ 30. Kf2 
{fermy forfeits on time} 1-0

[Event "fics rated crazyhouse match"]
[Site "fics, Oklahoma City, OK USA"]
[Date "2000.12.05"]
[White "tantheman"]
[WhiteElo "2266"]
[Black "Bugzilla"]
[BlackElo "2268"]
[TimeControl "60+0"]
[Result "1-0"]

1. e4 Nf6 2. e5 Nc6 3. exf6 exf6 4. Nf3 d5 5. d4 Bb4+ 6. c3 
O-O 7. cxb4 Bf5 8. B@h6 Re8+ 9. Be2 P@c2 10. Qd2 cxb1=Q 11. Bxg7 Qxa1 
12. N@h6+ Kxg7 13. Nxf5+ Kg8 14. O-O B@f8 15. P@g7 Bxg7 16. Nxg7 N@e4 17. Qf4 
R@g6 18. Nxe8 Qxe8 19. B@f5 Rg7 20. B@h6 P@e5 21. Bxg7 exf4 22. R@h8+ Kxg7 
23. Rxe8 Rxe8 24. Bxf4 B@f8 25. P@h6+ Kg8 26. R@g7+ Bxg7 27. hxg7 N@g6 28. Bxg6 
fxg6 29. Q@h8+ Kf7 30. N@h6+ Ke7 31. Qxe8+ Kxe8 32. g8=Q+ B@f8 33. B@f7+ Kd7 
34. Qxf8 Q@e7 35. Qxe7+ Nxe7 36. Q@e8# 
{Bugzilla checkmated} 1-0

[Event "fics rated crazyhouse match"]
[Site "fics, Oklahoma City, OK USA"]
[Date "2000.12.05"]
[White "fermy"]
[WhiteElo "2283"]
[Black "SuperGrover"]
[BlackElo "2255"]
[TimeControl "60+0"]
[Result "0-1"]

1. e4 Nc6 2. d4 e6 3. Nc3 d5 4. exd5 exd5 5. Bb5 Bb4 6. Nf3 
Qe7+ 7. P@e5 Bg4 8. h3 Bxf3 9. Qxf3 P@e4 10. Qg3 N@f5 11. Qg4 Bxc3+ 
12. bxc3 N@h6 13. Bxh6 Ngxh6 14. Qd1 B@g5 15. N@b4 O-O 16. Nxd5 Qe6 17. Bc4 
Qg6 18. P@g4 Nh4 19. B@f1 Rad8 20. B@g3 Rfe8 21. Bxh4 Bxh4 22. Nxc7 e3 
23. P@g3 exf2+ 24. Kxf2 Bxg3+ 25. Kxg3 Nf5+ 26. Kf2 B@g3+ 27. Ke2 Nfxd4+ 28. cxd4 
Nxd4+ 29. Qxd4 Rxd4 30. B@e3 Qe4 31. Nxe8 Q@f2# 
{fermy checkmated} 0-1

[Event "fics rated crazyhouse match"]
[Site "fics, Oklahoma City, OK USA"]
[Date "2000.12.05"]
[White "Bugzilla"]
[WhiteElo "2260"]
[Black "tantheman"]
[BlackElo "2274"]
[TimeControl "60+0"]
[Result "1-0"]

1. e4 e6 2. Nc3 Nc6 3. Nf3 Nf6 4. Bb5 Bb4 5. O-O O-O 6. e5 
Ng4 7. Bxc6 bxc6 8. Ne4 Ba6 9. d3 B@f5 10. Neg5 d6 11. h3 Nxf2 
12. Rxf2 dxe5 13. Nxe5 P@g3 14. Rf1 P@f2+ 15. Kh1 Qd4 16. Nef3 Qb6 17. N@h5 
f6 18. N@e7+ Kh8 19. P@h6 gxh6 20. Nxe6 P@g7 21. Bxh6 Rg8 22. Bxg7+ Rxg7 
23. Nexg7 Bfxd3 24. cxd3 Bxd3 25. Ngf5 P@g7 26. P@h6 Rg8 27. Nxg8 Bxf1 28. hxg7+ 
Kxg8 29. R@h8+ Kf7 30. g8=Q# 
{tantheman checkmated} 1-0

[Event "fics rated crazyhouse match"]
[Site "fics, Oklahoma City, OK USA"]
[Date "2000.12.05"]
[White "tantheman"]
[WhiteElo "2266"]
[Black "Bugzilla"]
[BlackElo "2268"]
[TimeControl "60+0"]
[Result "0-1"]

1. e4 Nf6 2. Nc3 Nc6 3. Nf3 e6 4. d4 Bb4 5. Bd3 d5 6. e5 
Ne4 7. Bd2 Nxd2 8. Qxd2 B@e4 9. N@g5 Bxf3 10. Nxf3 N@e4 11. Nxe4 dxe4 
12. B@c3 exf3 13. Bxb4 fxg2 14. O-O-O gxh1=Q 15. Rxh1 R@a1+ 16. B@b1 N@f3 17. P@e7 
Qd5 18. Qe2 Nxb4 19. N@c3 Nxa2+ 20. Nxa2 Qxa2 21. Qxf3 Qxb1+ 22. Kd2 B@b4+ 
23. c3 Qxb2+ 24. Ke3 Qxc3 25. Qe4 N@d5+ 26. Kf3 N@d2+ 27. Kg2 Nxe4 28. Bxe4 
B@h3# 
{tantheman checkmated} 0-1

[Event "fics rated crazyhouse match"]
[Site "fics, Oklahoma City, OK USA"]
[Date "2000.12.05"]
[White "Bugzilla"]
[WhiteElo "2276"]
[Black "tantheman"]
[BlackElo "2258"]
[TimeControl "60+0"]
[Result "1-0"]

1. e4 e6 2. Nc3 d5 3. exd5 exd5 4. Bb5+ Nc6 5. d4 Nf6 6. Nf3 
Bg4 7. P@a6 P@e4 8. axb7 exf3 9. Bxc6+ N@d7 10. bxa8=Q Qxa8 11. Bxa8 Be7 
12. R@c8+ Bd8 13. Rxd8+ Kxd8 14. N@c6+ Kc8 15. P@b7# 
{tantheman checkmated} 1-0

[Event "fics rated crazyhouse match"]
[Site "fics, Oklahoma City, OK USA"]
[Date "2000.12.05"]
[White "tantheman"]
[WhiteElo "2250"]
[Black "Bugzilla"]
[BlackElo "2284"]
[TimeControl "60+0"]
[Result "0-1"]

1. e3 Nf6 2. b3 Nc6 3. Bb2 e5 4. Nf3 d6 5. Be2 Be7 6. d3 
O-O 7. Nbd2 h6 8. O-O Be6 9. Ne4 Nxe4 10. dxe4 Qd7 11. N@g3 N@h4 
12. Nxh4 Bxh4 13. N@f5 Bxg3 14. fxg3 Bxf5 15. exf5 N@e4 16. B@d3 Nf6 17. c4 
Rfe8 18. B@h4 N@h7 19. Bxf6 gxf6 20. N@d5 B@g7 21. Bh5 N@b4 22. Nxb4 Nxb4 
23. N@d5 Nxd3 24. Qxd3 N@c5 25. Qe2 B@e4 26. Qg4 Nd3 27. N@e7+ Rxe7 28. Nxe7+ 
Qxe7 29. Bxf7+ Qxf7 30. P@g6 Qe7 31. gxh7+ Kxh7 32. Qg6+ Kg8 33. N@g4 P@h7 
34. Nxh6+ Kh8 35. Nf7+ Qxf7 36. Qxf7 N@e2+ 37. Kh1 N@f2+ 38. Rxf2 Nxf2# 
{tantheman checkmated} 0-1

[Event "fics rated crazyhouse match"]
[Site "fics, Oklahoma City, OK USA"]
[Date "2000.12.05"]
[White "ronenl"]
[WhiteElo "2307"]
[Black "tantheman"]
[BlackElo "2243"]
[TimeControl "60+0"]
[Result "1-0"]

1. e4 e6 2. Nc3 Nc6 3. d4 Nf6 4. e5 Nd5 5. Nf3 Bb4 6. Bd2 
Bxc3 7. bxc3 N@e4 8. Bd3 Nexc3 9. Bxc3 Nxc3 10. Qd2 Nd5 11. N@h5 B@c3 
12. Qxc3 Nxc3 13. Nxg7+ Kf8 14. B@h6 Kg8 15. Nh5 P@b2 16. Rd1 Nxd1 17. P@g7 
Q@c3+ 18. B@d2 Qxd2+ 19. Kxd2 B@c3+ 20. Ke2 Nxd4+ 21. Nxd4 R@d2+ 22. Bxd2 P@f3+ 
23. gxf3 Qg5 24. R@f8# 
{tantheman checkmated} 1-0

[Event "fics rated crazyhouse match"]
[Site "fics, Oklahoma City, OK USA"]
[Date "2000.12.05"]
[White "Gnejs"]
[WhiteElo "2452"]
[Black "AngelicK"]
[BlackElo "2310"]
[TimeControl "120+0"]
[Result "0-1"]

1. e4 e6 2. d4 Nc6 3. Be3 Nf6 4. Bd3 Be7 5. Nc3 O-O 6. Nf3 
d6 7. O-O Ng4 8. Qd2 Nxe3 9. fxe3 B@h6 10. N@g4 Beg5 11. Nxh6+ Bxh6 
12. Rae1 e5 13. d5 Nd4 14. B@f5 Nxf3+ 15. Rxf3 N@h4 16. Rff1 N@d4 17. Bxc8 
Qxc8 18. Qf2 Nxg2 19. N@e7+ Kh8 20. Nxc8 Nxe1 21. Qxe1 Raxc8 22. B@h3 N@f3+ 
23. Kh1 Nxe1 24. N@g4 B@f3+ 25. Rxf3 R@g1+ 26. Kxg1 Nexf3+ 27. Kf2 Q@e1+ 28. Kg2 
Nh4# 
{Gnejs checkmated} 0-1

[Event "fics rated crazyhouse match"]
[Site "fics, Oklahoma City, OK USA"]
[Date "2000.12.05"]
[White "AngelicK"]
[WhiteElo "2321"]
[Black "Gnejs"]
[BlackElo "2441"]
[TimeControl "120+0"]
[Result "0-1"]

1. d4 e6 2. e4 b6 3. Bd3 Nf6 4. e5 Nd5 5. Nf3 Nc6 6. O-O 
Ncb4 7. Be2 Bb7 8. a3 Nc6 9. c4 Nde7 10. Nc3 Ng6 11. Ng5 Be7 
12. Nge4 d5 13. exd6 cxd6 14. P@h6 gxh6 15. Bxh6 P@f5 16. Bg7 Rg8 17. P@f6 
fxe4 18. fxe7 Qxe7 19. Nxe4 Rxg7 20. P@f6 Qc7 21. fxg7 O-O-O 22. c5 B@d5 
23. cxd6 Rxd6 24. g8=Q+ N@d8 25. Nxd6+ Qxd6 26. B@g3 P@f4 27. P@e5 Qd7 28. R@d6 
Qe7 29. R@d7 Qxd7 30. Rxd7 Kxd7 31. Q@d6+ Kc8 32. Bxf4 R@d7 33. Qxd8+ Nxd8 
34. P@f3 Rxd6 35. exd6 Nxf4 36. R@c7+ Kb8 37. N@d7+ Ka8 38. Rc8+ Bxc8 39. Qd2 
N@h3+ 40. Kh1 R@g1+ 41. Rxg1 Nxf2# 
{AngelicK checkmated} 0-1

[Event "fics rated crazyhouse match"]
[Site "fics, Oklahoma City, OK USA"]
[Date "2000.12.05"]
[White "Gnejs"]
[WhiteElo "2446"]
[Black "AngelicK"]
[BlackElo "2316"]
[TimeControl "120+0"]
[Result "1-0"]

1. d4 e6 2. Nf3 Nf6 3. Bg5 Be7 4. Nbd2 b6 5. e3 Bb7 6. Bd3 
d6 7. Qe2 Nbd7 8. O-O-O a5 9. h3 a4 10. Nc4 Ne4 11. Bxe7 Qxe7 
12. B@h4 f6 13. Ncd2 Nxd2 14. Kxd2 B@a5+ 15. c3 N@d5 16. N@c4 a3 17. Nxa5 
Rxa5 18. b4 Nxc3 19. Kxc3 N@d5+ 20. Kd2 Nxb4 21. Ke1 P@e4 22. Bxe4 Bxe4 
23. B@c3 P@c2 24. Rc1 Nd3+ 25. Kd2 Nxc1 26. Rxc1 B@d3 27. Qxd3 Bxd3 28. Kxd3 
R@d1+ 29. B@d2 Rxc1 30. Bxc1 R@d1+ 31. B3d2 Rd5 32. Kxc2 Rxd2+ 33. Bxd2 Q@b2+ 
34. Kd1 B@d3 35. R@c1 Rxd4 36. N@c3 Rb4 37. B@d4 Rc4 38. R@a8+ Kf7 39. P@g6+ 
hxg6 40. N@g5+ fxg5 41. Nxg5+ Qxg5 42. Bxg5 P@e2+ 43. Ke1 Qxc1+ 44. Bxc1 Rxc3 
45. Q@e7# 
{AngelicK checkmated} 1-0

[Event "fics rated crazyhouse match"]
[Site "fics, Oklahoma City, OK USA"]
[Date "2000.12.05"]
[White "AngelicK"]
[WhiteElo "2311"]
[Black "Gnejs"]
[BlackElo "2451"]
[TimeControl "120+0"]
[Result "0-1"]

1. d4 e6 2. Nf3 Nf6 3. Bf4 b6 4. e3 Bb7 5. Be2 Be7 6. O-O 
O-O 7. c4 d6 8. Nc3 Nbd7 9. Qc2 Nh5 10. Bg3 Nxg3 11. hxg3 B@g6 
12. Qd2 Nf6 13. N@f4 Ne4 14. Nxe4 Bgxe4 15. N@c3 Bxf3 16. gxf3 N@g5 17. B@g2 
e5 18. Nfd5 exd4 19. exd4 P@h3 20. Bh1 N@f5 21. P@e4 Nxg3 22. fxg3 P@g2 
23. Bxg2 hxg2 24. Kxg2 B@h3+ 25. Kh2 Bxf1 26. Rxf1 R@h6+ 27. P@h4 Nxf3+ 28. Bxf3 
Bxh4 29. P@h3 Bxg3+ 30. Kg2 Bxd5 31. Nxd5 Qh4 32. B@g4 N@e1+ 33. Rxe1 Bxe1 
34. B@f6 R@f2+ 35. Kh1 Rxf6 36. Nxf6+ Qxf6 37. Qxe1 N@g3+ 38. Kg1 Rf1+ 39. Qxf1 
Nxf1 40. Kxf1 Q@h2 41. N@h5 B@d3+ 42. Ke1 Qg6 43. N@e7+ Kh8 44. Nxg6+ hxg6 
45. B@f6 N@c2+ 46. Kd1 Ne3# 
{AngelicK forfeits on time} 0-1

[Event "fics rated crazyhouse match"]
[Site "fics, Oklahoma City, OK USA"]
[Date "2000.12.05"]
[White "Gnejs"]
[WhiteElo "2456"]
[Black "AngelicK"]
[BlackElo "2306"]
[TimeControl "120+0"]
[Result "0-1"]

1. e4 e6 2. d4 Nc6 3. Be3 Nf6 4. Bd3 Be7 5. Nc3 O-O 6. Nf3 
d6 7. h3 Nb4 8. O-O Nxd3 9. cxd3 Nh5 10. Qd2 f5 11. d5 f4 
12. Bd4 B@f6 13. Bxf6 Bxf6 14. dxe6 Bxe6 15. N@d4 B@d7 16. P@f5 Bf7 17. B@g4 
P@g3 18. fxg3 Nxg3 19. P@e6 P@e3 20. Qc2 Nxf1 21. Rxf1 Bxd4 22. Nxd4 N@g3 
23. B@h1 Bfxe6 24. fxe6 P@h2+ 25. Kxh2 Nxf1+ 26. Kg1 Ng3 27. B@e2 R@e1+ 28. N@f1 
R@f2 29. exd7 Rfxf1+ 30. Bxf1 Rxf1+ 31. Kh2 Rxh1# 
{Gnejs checkmated} 0-1

[Event "fics rated crazyhouse match"]
[Site "fics, Oklahoma City, OK USA"]
[Date "2000.12.05"]
[White "AngelicK"]
[WhiteElo "2317"]
[Black "Gnejs"]
[BlackElo "2445"]
[TimeControl "120+0"]
[Result "1-0"]

1. d4 e6 2. Nf3 Nf6 3. Bf4 Be7 4. e3 b6 5. Be2 Bb7 6. O-O 
Nh5 7. Bg3 Nxg3 8. hxg3 Nc6 9. c4 B@g6 10. Nc3 d6 11. N@f4 O-O 
12. d5 Ne5 13. Nxg6 hxg6 14. B@f4 exd5 15. cxd5 Nxf3+ 16. Bxf3 P@g5 17. P@e6 
fxe6 18. dxe6 Bxf3 19. Qxf3 gxf4 20. B@f7+ Kh8 21. Bxg6 N@g5 22. N@f7+ Rxf7 
23. Qh5+ B@h6 24. exf7 B@b7 25. Qxg5 P@h7 26. R@g8+ Qxg8 27. fxg8=Q+ Kxg8 28. P@f7+ 
Kh8 29. Q@g8+ Rxg8 30. fxg8=Q+ Kxg8 31. P@f7+ Kh8 32. R@g8# 
{Gnejs checkmated} 1-0

[Event "fics rated crazyhouse match"]
[Site "fics, Oklahoma City, OK USA"]
[Date "2000.12.05"]
[White "Gnejs"]
[WhiteElo "2434"]
[Black "AngelicK"]
[BlackElo "2328"]
[TimeControl "120+0"]
[Result "1-0"]

1. e4 e6 2. d4 Nc6 3. Be3 Nf6 4. Bd3 Be7 5. Nc3 O-O 6. Nf3 
d6 7. h3 Nb4 8. Be2 d5 9. e5 Ne4 10. O-O f6 11. exf6 Bxf6 
12. a3 Nc6 13. P@b5 Ne7 14. Ne5 Nxc3 15. bxc3 Bxe5 16. dxe5 Ng6 17. Bd4 
N@f4 18. B@f6 P@e7 19. Bxg7 Kxg7 20. P@g3 Nxe2+ 21. Qxe2 B@g5 22. N@f3 Bh6 
23. N@g4 B@g5 24. Nxg5 Bxg5 25. f4 Nxf4 26. gxf4 Rxf4 27. N@h5# 
{AngelicK resigns} 1-0

[Event "fics rated crazyhouse match"]
[Site "fics, Oklahoma City, OK USA"]
[Date "2000.12.05"]
[White "VABORIS"]
[WhiteElo "2275"]
[Black "Bugzilla"]
[BlackElo "2291"]
[TimeControl "60+0"]
[Result "1-0"]

1. e4 Nf6 2. Nc3 Nc6 3. d4 d5 4. e5 Ne4 5. Nxe4 dxe4 6. Be3 
e6 7. Nh3 Bb4+ 8. c3 Be7 9. Be2 O-O 10. O-O f5 11. f3 f4 
12. Nxf4 exf3 13. Bxf3 N@f5 14. P@d2 Nxe3 15. dxe3 B@f5 16. Nh5 P@g6 17. Nxg7 
Kxg7 18. P@f6+ Bxf6 19. exf6+ Qxf6 20. Bxc6 P@d6 21. P@e5 Qf7 22. B@f6+ Kh6 
23. Rxf5 gxf5 24. B@g5+ Kg6 25. N@f4# 
{Bugzilla checkmated} 1-0

[Event "fics rated crazyhouse match"]
[Site "fics, Oklahoma City, OK USA"]
[Date "2000.12.05"]
[White "Bugzilla"]
[WhiteElo "2283"]
[Black "VABORIS"]
[BlackElo "2283"]
[TimeControl "60+0"]
[Result "0-1"]

1. e4 e6 2. Nc3 Nc6 3. d4 Bb4 4. a3 Bxc3+ 5. bxc3 Nf6 6. e5 
Nd5 7. Bd2 d6 8. Nf3 dxe5 9. dxe5 P@g4 10. Ng5 Nxe5 11. B@d4 P@f6 
12. Bxe5 fxe5 13. Qxg4 B@f5 14. Qd1 N@f4 15. P@g3 Bxc2 16. Qxc2 P@e2 17. Bxe2 
Nxg2+ 18. Kf1 P@e3 19. Nxf7 Kxf7 20. fxe3 Ngxe3+ 21. Kg1 N@h3# 
{Bugzilla checkmated} 0-1

[Event "fics rated crazyhouse match"]
[Site "fics, Oklahoma City, OK USA"]
[Date "2000.12.05"]
[White "VABORIS"]
[WhiteElo "2291"]
[Black "Bugzilla"]
[BlackElo "2275"]
[TimeControl "60+0"]
[Result "1-0"]

1. e4 Nf6 2. Nc3 Nc6 3. d4 e5 4. d5 Nd4 5. Be3 Bc5 6. Bc4 
d6 7. Nge2 O-O 8. Nxd4 exd4 9. Bxd4 Bxd4 10. Qxd4 B@e5 11. Qd3 N@f4 
12. Qf1 Bxc3+ 13. bxc3 Nxe4 14. B@e3 Ng6 15. B@d3 Nxc3 16. P@e6 P@b2 17. Rd1 
Nxd1 18. exf7+ Rxf7 19. P@e6 Rf8 20. Kxd1 b1=Q+ 21. N@c1 N@b2+ 22. Ke2 Nxc4 
23. Bxc4 Qxc2+ 24. N@d2 P@c3 25. Bd3 Qxd3+ 26. Nxd3 cxd2 27. N@f7 R@e1+ 28. Nxe1 
dxe1=Q+ 29. Qxe1 B@c4+ 30. P@d3 B@g4+ 31. f3 N@f4+ 32. Bxf4 Nxf4+ 33. Kf2 B@b6+ 
34. P@e3 Nxd3+ 35. Kg1 Nxe1 36. R@h8# 
{Bugzilla checkmated} 1-0

[Event "fics rated crazyhouse match"]
[Site "fics, Oklahoma City, OK USA"]
[Date "2000.12.05"]
[White "Bugzilla"]
[WhiteElo "2267"]
[Black "DKiller"]
[BlackElo "2266"]
[TimeControl "60+0"]
[Result "1-0"]

1. e4 e6 2. Nc3 Nc6 3. d4 Bb4 4. a3 Bxc3+ 5. bxc3 d5 6. e5 
N@e4 7. Bd2 Nge7 8. Nf3 Nf5 9. Bd3 Nxd2 10. Qxd2 B@e4 11. Bxe4 dxe4 
12. Ng5 B@h6 13. B@f4 Bxg5 14. Bxg5 f6 15. exf6 gxf6 16. B@h5+ P@g6 17. Bg4 
fxg5 18. Bxf5 exf5 19. N@g7+ Kf7 20. B@h6 B@f4 21. P@e3 Bd6 22. d5 Ne5 
23. N@e6 N@f3+ 24. Kd1 Nxd2 25. Nxd8+ Rxd8 26. Ne6 Q@h5+ 27. Kc1 Qxh6 28. Nxd8+ 
Ke8 29. R@h8+ B@f8 30. Ne6 Bxe6 31. dxe6 B@b2+ 32. Kxb2 Nec4+ 33. Ka2 
{DKiller forfeits on time} 1-0

[Event "fics rated crazyhouse match"]
[Site "fics, Oklahoma City, OK USA"]
[Date "2000.12.05"]
[White "DKiller"]
[WhiteElo "2256"]
[Black "Bugzilla"]
[BlackElo "2275"]
[TimeControl "60+0"]
[Result "0-1"]

1. d4 Nf6 2. e4 Nc6 3. Nc3 e5 4. dxe5 Nxe5 5. Bf4 Ng6 6. Bg5 
Be7 7. Nf3 d6 8. Bd3 P@b4 9. Ne2 c6 10. P@f5 Ne5 11. Nxe5 dxe5 
12. N@c4 Qc7 13. Bxf6 gxf6 14. N@g7+ Kd8 15. Ng3 Rg8 16. N7h5 B@d4 17. O-O 
N@h4 18. Be2 Bd7 19. Bf3 Nxf3+ 20. Qxf3 B@g4 21. Qxg4 Rxg4 22. B@h3 Rg8 
23. Rad1 b5 24. Nd2 Bxb2 25. Nb3 Bc3 26. N@c5 P@d6 27. Nxd7 Qxd7 28. B@e6 
fxe6 29. fxe6 Qc7 30. P@f7 Rf8 31. Nf5 N@f4 32. Nxf4 exf4 33. Nxe7 Qxe7 
34. B@g7 N@e2# 
{DKiller forfeits on time} 0-1

[Event "fics rated crazyhouse match"]
[Site "fics, Oklahoma City, OK USA"]
[Date "2000.12.05"]
[White "Bugzilla"]
[WhiteElo "2283"]
[Black "DKiller"]
[BlackElo "2247"]
[TimeControl "60+0"]
[Result "1-0"]

1. e4 e6 2. Nc3 Nc6 3. d4 Bb4 4. a3 Ba5 5. Nf3 Nf6 6. Bd3 
d5 7. e5 Ne4 8. O-O Bxc3 9. bxc3 Nxc3 10. Bg5 Qd7 11. Qe1 P@e4 
12. Nh4 exd3 13. Qxc3 N@e2+ 14. Kh1 Nxc3 15. N@h5 B@f8 16. cxd3 Nxd4 17. P@f6 
Rg8 18. B@b4 P@f3 19. Bxf8 fxg2+ 20. Nxg2 P@h3 21. Nh4 Q@g2+ 22. Nxg2 hxg2+ 
23. Kxg2 Nf5 24. fxg7 N@h4+ 25. Kh3 Rxg7 26. Nxg7# 
{DKiller forfeits on time} 1-0

[Event "fics rated crazyhouse match"]
[Site "fics, Oklahoma City, OK USA"]
[Date "2000.12.05"]
[White "DKiller"]
[WhiteElo "2238"]
[Black "Bugzilla"]
[BlackElo "2290"]
[TimeControl "60+0"]
[Result "0-1"]

1. e4 Nf6 2. Nc3 Nc6 3. d4 e5 4. d5 Nd4 5. Be3 Bc5 6. Nf3 
d6 7. Bxd4 exd4 8. Na4 Nxe4 9. Nxc5 dxc5 10. N@h5 B@h6 11. Bd3 P@d2+ 
12. Kf1 Nxf2 13. Kxf2 P@e3+ 14. Kf1 Bg4 15. Ng3 Bxf3 16. Qxf3 O-O 17. N@f5 
Bg5 18. h4 Bf6 19. B@g5 N@e5 20. Qe4 N@f2 21. Qf4 Nxh1 22. Nxh1 R@c1+ 
23. Rxc1 dxc1=Q+ 24. R@e1 Qd2 25. N@f3 R@f2+ 26. Kg1 Rxg2+ 27. Kf1 Rf2# 
{DKiller forfeits on time} 0-1

[Event "fics rated crazyhouse match"]
[Site "fics, Oklahoma City, OK USA"]
[Date "2000.12.05"]
[White "Bugzilla"]
[WhiteElo "2297"]
[Black "DKiller"]
[BlackElo "2230"]
[TimeControl "60+0"]
[Result "0-1"]

1. e4 e6 2. Nc3 Nc6 3. d4 Bb4 4. a3 Bxc3+ 5. bxc3 d5 6. e5 
Nge7 7. Nf3 Nf5 8. Bb5 N@e4 9. Bd2 Nxd2 10. Qxd2 B@e4 11. B@d1 Bd7 
12. Rb1 Bxf3 13. Bxf3 Nxe5 14. dxe5 Bxb5 15. Rxb5 N@c4 16. Qe2 B@c6 17. Rb1 
P@a2 18. Ra1 Nxe5 19. Rxa2 Nxf3+ 20. Qxf3 B@e4 21. Qg4 d4 22. N@h5 dxc3 
23. Nxg7+ Nxg7 24. Qxg7 Qd2+ 25. Kf1 P@e2+ 26. Kg1 e1=Q+ 27. B@f1 Qdxf2# 
{Bugzilla checkmated} 0-1

[Event "fics rated crazyhouse match"]
[Site "fics, Oklahoma City, OK USA"]
[Date "2000.12.05"]
[White "DKiller"]
[WhiteElo "2241"]
[Black "Bugzilla"]
[BlackElo "2287"]
[TimeControl "60+0"]
[Result "0-1"]

1. e4 Nf6 2. Nc3 Nc6 3. d4 e5 4. dxe5 Nxe5 5. Nf3 Nxf3+ 6. gxf3 
Bb4 7. Rg1 d5 8. exd5 Nxd5 9. Bd2 Bxc3 10. bxc3 P@g6 11. B@d4 P@f6 
12. P@h6 Rg8 13. hxg7 Bf5 14. Bc4 Qe7+ 15. P@e4 Nb6 16. Bb5+ Bd7 17. Bxd7+ 
Qxd7 18. Bxb6 axb6 19. N@d5 B@d8 20. B@f8 B@c4 21. P@e7 Bxe7 22. Bxe7 Bxd5 
23. Bxf6 Bc4 24. N@e5 N@f4 25. P@e2 N@g2+ 26. Kf1 Bxe2+ 27. Qxe2 Nxe2 28. Nxd7 
Ne3+ 29. Bxe3 Ng3+ 30. fxg3 P@e2# 
{DKiller forfeits on time} 0-1

[Event "fics rated crazyhouse match"]
[Site "fics, Oklahoma City, OK USA"]
[Date "2000.12.05"]
[White "Bugzilla"]
[WhiteElo "2294"]
[Black "DKiller"]
[BlackElo "2233"]
[TimeControl "60+0"]
[Result "0-1"]

1. e4 e6 2. Nc3 Nc6 3. d4 Bb4 4. a3 Ba5 5. Nf3 Nf6 6. Bd3 
d5 7. e5 Ne4 8. Bd2 Nxd2 9. Qxd2 Bxc3 10. bxc3 N@e4 11. Bxe4 dxe4 
12. Ng5 B@g6 13. B@h4 Nxe5 14. dxe5 Qxd2+ 15. Kxd2 B@f4+ 16. N@e3 Bxe3+ 17. fxe3 
N@c4+ 18. Ke2 Q@d2+ 19. Kf1 Nxe3# 
{Bugzilla resigns} 0-1

[Event "fics rated crazyhouse match"]
[Site "fics, Oklahoma City, OK USA"]
[Date "2000.12.05"]
[White "DKiller"]
[WhiteElo "2243"]
[Black "Bugzilla"]
[BlackElo "2285"]
[TimeControl "60+0"]
[Result "1-0"]

1. e4 Nf6 2. Nc3 Nc6 3. d4 d5 4. exd5 Nxd5 5. Nxd5 Qxd5 6. Nf3 
e5 7. N@e3 Qa5+ 8. Bd2 Bb4 9. Bxb4 Qxb4+ 10. B@c3 Qe7 11. dxe5 P@g4 
12. P@f6 Qc5 13. fxg7 Rg8 14. Ng5 B@f4 15. Nxh7 Bxe3 16. Nf6+ Ke7 17. Nxg8+ 
Ke6 18. R@f6# 
{Bugzilla checkmated} 1-0

[Event "fics rated crazyhouse match"]
[Site "fics, Oklahoma City, OK USA"]
[Date "2000.12.05"]
[White "Bugzilla"]
[WhiteElo "2276"]
[Black "DKiller"]
[BlackElo "2252"]
[TimeControl "60+0"]
[Result "0-1"]

1. e4 e6 2. Nc3 Nc6 3. d4 Bb4 4. a3 Ba5 5. Nf3 Nf6 6. Bd3 
d5 7. e5 Ne4 8. O-O Bxc3 9. bxc3 Nxc3 10. Bg5 Qd7 11. Qe1 P@e4 
12. Nh4 exd3 13. cxd3 Nxd4 14. P@f6 gxf6 15. exf6 P@h3 16. gxh3 N@f3+ 17. Kh1 
Nxh4 18. Bxh4 P@g2+ 19. Kxg2 B@f3+ 20. Kg3 N@e2# 
{Bugzilla resigns} 0-1

[Event "fics rated crazyhouse match"]
[Site "fics, Oklahoma City, OK USA"]
[Date "2000.12.05"]
[White "DKiller"]
[WhiteElo "2261"]
[Black "Bugzilla"]
[BlackElo "2267"]
[TimeControl "60+0"]
[Result "1-0"]

1. e4 Nc6 2. Nc3 Nf6 3. d4 e5 4. dxe5 Nxe5 5. Nf3 Neg4 6. Bc4 
P@e6 7. O-O d5 8. exd5 exd5 9. Re1+ Be7 10. Bxd5 Nxd5 11. Nxd5 B@e6 
12. Nxe7 Qxe7 13. B@h4 P@f6 14. P@f5 O-O 15. fxe6 fxe6 16. B@h5 P@f5 17. P@g5 
N@g6 18. Bxg6 hxg6 19. gxf6 gxf6 20. P@h3 P@e4 21. hxg4 exf3 22. N@h6+ Kh8 
23. Qxf3 B@d5 24. Qxd5 exd5 25. Rxe7 Q@d1+ 26. B@f1 N@e2# 
{Bugzilla forfeits on time} 1-0

[Event "fics rated crazyhouse match"]
[Site "fics, Oklahoma City, OK USA"]
[Date "2000.12.05"]
[White "Bugzilla"]
[WhiteElo "2259"]
[Black "DKiller"]
[BlackElo "2269"]
[TimeControl "60+0"]
[Result "0-1"]

1. e4 e6 2. Nc3 Nc6 3. d4 Bb4 4. a3 Ba5 5. b4 Nxb4 6. axb4 
Bxb4 7. Bd2 Nf6 8. Bd3 Bxc3 9. Bxc3 d5 10. exd5 Nxd5 11. Bd2 P@c3 
12. B@a4+ N@c6 13. N@e5 cxd2+ 14. Kf1 B@d7 15. Bxc6 bxc6 16. Nxf7 Kxf7 17. N@e5+ 
Kf8 18. Ngf3 P@f6 19. Nxd7+ Bxd7 20. P@e5 N@f4 21. B@h4 P@h3 22. Rg1 hxg2+ 
23. Rxg2 B@h3 24. exf6 Bxg2+ 25. Kg1 R@h1# 
{Bugzilla checkmated} 0-1

[Event "fics rated crazyhouse match"]
[Site "fics, Oklahoma City, OK USA"]
[Date "2000.12.05"]
[White "DKiller"]
[WhiteElo "2277"]
[Black "Bugzilla"]
[BlackElo "2251"]
[TimeControl "60+0"]
[Result "0-1"]

1. e4 Nf6 2. Nc3 Nc6 3. d4 e5 4. dxe5 Nxe5 5. Nf3 Nxf3+ 6. gxf3 
P@g6 7. Rg1 Bb4 8. Be2 d6 9. Bg5 h6 10. Bxf6 Qxf6 11. N@d5 Bxc3+ 
12. bxc3 Qd8 13. P@h5 B@h4 14. hxg6 fxg6 15. Rxg6 N@e5 16. Rxg7 N@h5 17. Rg2 
Bh3 18. Rg1 P@e6 19. Ne3 Qe7 20. P@f4 Nxf4 21. P@d4 Nd7 22. e5 dxe5 
23. dxe5 Nxe5 24. P@d4 Nd7 25. P@e5 P@g2 26. Ng4 Bxg4 27. fxg4 P@e3 28. B@h5+ 
Kd8 
{DKiller forfeits on time} 0-1

[Event "fics rated crazyhouse match"]
[Site "fics, Oklahoma City, OK USA"]
[Date "2000.12.05"]
[White "Bugzilla"]
[WhiteElo "2260"]
[Black "DKiller"]
[BlackElo "2268"]
[TimeControl "60+0"]
[Result "1-0"]

1. e4 e6 2. Nc3 Nc6 3. d4 Bb4 4. a3 Ba5 5. Nf3 Nf6 6. Bd3 
d5 7. exd5 exd5 8. b4 Nxb4 9. axb4 Bxb4 10. Bd2 Qe7+ 11. P@e5 Bxc3 
12. Bxc3 Ne4 13. Bxe4 dxe4 14. N@d5 exf3 15. Nxe7 fxg2 16. Rg1 N@h4 17. B@e4 
B@g4 18. Nd5 P@e7 19. Nxc7+ Kd8 20. Nd5 P@c7 21. P@d6 Bce6 22. dxc7+ Ke8 
23. N@d6+ Kd7 24. P@c6+ bxc6 25. Nb6+ axb6 26. Bxc6+ Kxc6 27. Q@b5+ Kxc7 28. Qxb6+ 
Kxb6 29. Ba5+ Kc6 30. Rb1 
{DKiller forfeits on time} 1-0